 Dungeon Crawl Stone Soup version 0.22-a0-252-gcace5d2 (webtiles) character file.

58 JeffiDaFish the Magician (level 3, 0/26 HPs)
             Began as a Draconian Wizard on Mar 1, 2018.
             Slain by a hobgoblin
             ... wielding a +0 club
              (4 damage)
             ... on level 2 of the Dungeon.
             The game lasted 00:06:36 (1705 turns).

JeffiDaFish the Magician (Draconian Wizard)         Turns: 1705, Time: 00:06:37

Health: 0/26       AC:  5    Str:  9    XL:     3   Next: 75%
Magic:  6/8        EV: 12    Int: 19    God:
Gold:   124        SH:  0    Dex:  9    Spells: 4/9 levels left

rFire    . . .     SeeInvis .   b - +0 mace
rCold    . . .     Gourm    .   (no shield)
rNeg     . . .     Faith    .   (armour unavailable)
rPois    .         Spirit   .   a - +0 hat
rElec    .         Reflect  .   (no cloak)
rCorr    .         Harm     .   (no gloves)
MR       .....                  (no boots)
Stlth    ++........             f - amulet of magic regeneration
HPRegen  0.08/turn              (no ring)
MPRegen  0.36/turn              (no ring)

@: no status effects
A: unfitting armour, cold-blooded, AC +5
a: no special abilities


You were on level 2 of the Dungeon.
You were hungry.

You visited 1 branch of the dungeon, and saw 2 of its levels.

You collected 124 gold pieces.

Inventory:

Hand Weapons
 b - a +0 mace (weapon)
Armour
 a - a +0 hat (worn)
Jewellery
 f - an amulet of magic regeneration (around neck)
Scrolls
 d - a scroll of teleportation
 e - a scroll of identify
Comestibles
 c - 3 rations


   Skills:
 - Level 1.8 Dodging
 - Level 2.0 Stealth
 * Level 3.8 Spellcasting
 * Level 2.0 Conjurations
 + Level 0.3 Hexes
   Level 1.0 Summonings
 + Level 1.2 Translocations


You had 4 spell levels left.
You knew the following spells:

 Your Spells              Type           Power        Failure   Level  Hunger
a - Magic Dart            Conj           ##..         6%          1    None
b - Blink                 Tloc           N/A          13%         2    ##.....
c - Slow                  Hex            #.......     19%         2    ##.....


Dungeon Overview and Level Annotations

Branches:
Dungeon (2/15)

Altars:


Innate Abilities, Weirdness & Mutations

Your plain brown scales are hard. (AC +5)
You cannot fit into any form of body armour.
You are cold-blooded and may be slowed by cold attacks.


Message History

You barely miss the goblin.
The goblin is moderately wounded.
The goblin hits you but does no damage. The goblin barely misses you.
You aren't carrying any potions.
Casting: Magic Dart (safe; 6% risk of failure)
Confirm with . or Enter, or press ? or * to list all spells.
Aiming: Magic Dart (safe; 6% risk of failure)
Press: ? - help, Shift-Dir - straight line, f - goblin
Aim: a goblin, wielding a club (moderately wounded)
The magic dart hits the goblin.
You kill the goblin!
Casting: Magic Dart (safe; 6% risk of failure)
Confirm with . or Enter, or press ? or * to list all spells.
Aiming: Magic Dart (safe; 6% risk of failure)
Press: ? - help, Shift-Dir - straight line, f - hobgoblin
Aim: a hobgoblin, wielding a club The magic dart hits the hobgoblin.
The hobgoblin is severely wounded.
The hobgoblin hits you with a club.
You die...

. ....## #.# #. #..... #.#
#.####....# #.# ###.........# #.#
#...........# #.# . #...........#
#.# ..... #.......>...# #.#####
.......#....#.....# #.....#
..............#@#..# .#####.##
......#.....##g## ####.........
......###...#.g.# ..#.....>..#.
#......(####'## ...########.
##......## #... #..# #.
#.......#.g'... #..# #.
.###.....#.##.#...# ##..# #.
...#.....#..####'####...########.
.........##... #..............


You could see a hobgoblin and a goblin.

Vanquished Creatures
  An adder (D:2)
  2 dart slugs (D:1)
  A giant cockroach (D:1)
  10 hobgoblins
  3 kobolds
  A quokka (D:2)
  6 bats
  3 frilled lizards
  8 goblins
  7 rats
42 creatures vanquished.

Notes
Turn   | Place    | Note
-------+----------+-------------------------------------------
     0 | D:1      | JeffiDaFish the Draconian Wizard began the quest for the Orb.
     0 | D:1      | Reached XP level 1. HP: 14/14 MP: 4/4
   357 | D:1      | Reached XP level 2. HP: 13/20 MP: 3/6
   542 | D:1      | Learned a level 2 spell: Blink
   545 | D:1      | Learned a level 2 spell: Slow
  1051 | D:1      | Reached XP level 3. HP: 24/26 MP: 8/8
  1705 | D:2      | Slain by a hobgoblin

Vault maps used:
D:1:      scummos_arrival_gate
D:2:      cheibrodos_greedy_goblins, elyvilon_altar_3, uniq_sigmund

Skill      XL: |  1  2  3 |
---------------+----------+-----
Stealth        | 2 |  2.0
Conjurations   | 2 |  2.0
Dodging        | |  1.8
Spellcasting   | |  3.8
Hexes          | |  0.3
Summonings     | |  1.0
Translocations | |  1.2

Action                   || total
-------------------------++-------
Melee: Mace              ||   124
       Tailslap          ||    10
 Cast: Magic Dart        ||    37
       Blink             ||     1
  Use: Scroll            ||     5
       Potion            ||     4
 Stab: Sleeping          ||     1
  Eat: Chunk             ||     2
Armor: Skin              ||    46
Dodge: Dodged            ||   103

Table legend:
 A = Spawn XP
 B = Non-spawn XP
 C = Spawn XP percentage of total XP
 D = Spawn monster count
 E = Non-spawn monster count
 F = Spawn count percentage of total count
 G = Total turns spent on level
                    A         B        C        D         E        F      G
               +---------+---------+-------+---------+---------+-------+---------
         Total |       0 |      83 |   0.0 |       0 |      42 |   0.0 |  1705
               +---------+---------+-------+---------+---------+-------+---------
           D:1 |       0 |      43 |   0.0 |       0 |      26 |   0.0 |  1224
           D:2 |       0 |      40 |   0.0 |       0 |      16 |   0.0 |   481
               +---------+---------+-------+---------+---------+-------+---------
